[ AOE2 MATCH · #461718402 ]
Team RMTurks vs Mapuche
[ REPLAY ANALYSIS · EXTRACTED FROM THE RECORDED GAME ]
Feudal
11:24
Castle
16:47
Imperial
32:37
| APM avg | 14.9 |
| APM peak | 29 |
| eAPM avg | 10.0 |
| Villagers / military | 89 / 173 |
Focus
⚔️ 29.6% · 🌾 70.4%
Janissary ×136 · Scout Cavalry ×20 · Bombard Cannon ×15 · Trade Cart ×8 · Trebuchet (Packed) ×2
Feudal
10:28
Castle
17:49
Imperial
27:42
| APM avg | 28.1 |
| APM peak | 66 |
| eAPM avg | 18.3 |
| Villagers / military | 79 / 126 |
Focus
⚔️ 33.0% · 🌾 67.0%
Hand Cannoneer ×39 · Spearman ×32 · Organ Gun ×27 · Bombard Cannon ×18 · Trebuchet (Packed) ×5 · Mangonel ×2
Feudal
11:51
Castle
20:48
Imperial
40:03
| APM avg | 14.1 |
| APM peak | 28 |
| eAPM avg | 8.4 |
| Villagers / military | 84 / 268 |
Focus
⚔️ 32.4% · 🌾 67.6%
Spearman ×233 · Scorpion ×18 · Knight ×5 · Battering Ram ×5 · Centurion ×4 · Trebuchet (Packed) ×2
Feudal
11:01
Castle
23:24
Imperial
37:06
| APM avg | 30.7 |
| APM peak | 70 |
| eAPM avg | 18.8 |
| Villagers / military | 147 / 138 |
Focus
⚔️ 47.7% · 🌾 52.3%
Unknown (1949) ×177 · Spearman ×78 · Skirmisher ×51 · Unknown (1942) ×12 · Unknown (1944) ×11 · Militia ×5
Feudal
11:36
Castle
15:18
Imperial
36:20
| APM avg | 31.5 |
| APM peak | 98 |
| eAPM avg | 17.3 |
| Villagers / military | 150 / 514 |
Focus
⚔️ 32.9% · 🌾 67.1%
Keshik ×308 · Spearman ×164 · Cavalry Archer ×23 · Trebuchet (Packed) ×19 · Trade Cart ×3
Feudal
10:41
Castle
20:01
Imperial
36:49
| APM avg | 46.8 |
| APM peak | 89 |
| eAPM avg | 22.9 |
| Villagers / military | 145 / 315 |
Focus
⚔️ 29.2% · 🌾 70.8%
Scout Cavalry ×110 · Hand Cannoneer ×77 · Skirmisher ×60 · Camel Scout ×43 · Bombard Cannon ×16 · Trade Cart ×15
Feudal
12:43
Castle
31:32
Imperial
38:41
| APM avg | 17.1 |
| APM peak | 44 |
| eAPM avg | 10.0 |
| Villagers / military | 105 / 113 |
Focus
⚔️ 33.3% · 🌾 66.7%
Spearman ×113 · Unknown (2550) ×107 · Trade Cart ×9 · Unknown (2582) ×2
Feudal
12:37
Castle
17:15
Imperial
39:49
| APM avg | 15.8 |
| APM peak | 58 |
| eAPM avg | 10.6 |
| Villagers / military | 126 / 157 |
Focus
⚔️ 33.2% · 🌾 66.8%
Bolas Rider ×97 · Unknown (2550) ×69 · Spearman ×40 · Trade Cart ×12 · Kona ×11 · Trebuchet (Packed) ×6
Match map
Initial resources + every placement click. Lines = walls · curves = elevation contours. ◆ gold · ⬟ stone · ● berries · ✦ relic · ◌ wall gap
Your base· Open — unwalled flank
R_FACELESS's base· Open — unwalled flank
gipsidanger's base· Open — unwalled flank
skilla's base· Open — unwalled flank
RICARDONE ES SABALERO's base· Open — unwalled flank
jesusodinson's base· Open — unwalled flank
Bet4's base· ✓ Closed at 31:32 · 49t walls · 1 gate(s)
kütral küruf's base· Open — unwalled flank
Smoothed initial terrain · ◌ = detected wall gap · hover for details
Inputs per minute
— poliamilina jr. - - R_FACELESS
Build order — poliamilina jr.
First 150 of 305 actions detected
| 0:06 | Build | House |
| 0:09 | Build | House |
| 0:11 | Create | Villager (Male) ×4 |
| 1:54 | Create | Villager (Male) |
| 2:08 | Create | Villager (Male) |
| 2:29 | Build | Lumber Camp |
| 2:32 | Create | Villager (Male) |
| 2:49 | Create | Villager (Male) |
| 3:26 | Create | Villager (Male) |
| 3:50 | Build | House |
| 3:56 | Create | Villager (Male) |
| 4:24 | Create | Villager (Male) |
| 4:43 | Create | Villager (Male) |
| 4:57 | Build | Mill |
| 5:21 | Create | Villager (Male) |
| 5:37 | Create | Villager (Male) |
| 5:44 | Build | House |
| 5:54 | Research | Loom |
| 6:16 | Create | Villager (Male) |
| 7:06 | Create | Villager (Male) |
| 7:25 | Build | Palisade Wall |
| 7:28 | Create | Villager (Male) |
| 7:59 | Build | House |
| 8:03 | Build | Palisade Wall |
| 8:06 | Create | Villager (Male) |
| 8:21 | Create | Villager (Male) |
| 9:06 | Research | Feudal Age |
| 9:14 | Research | Feudal Age |
| 9:37 | Build | Palisade Wall |
| 9:43 | Build | Barracks |
| 10:04 | Build | Palisade Wall |
| 10:08 | Build | Palisade Gate |
| 10:13 | Build | Palisade Wall |
| 10:42 | Build | Mining Camp |
| 11:24 | Age | Feudal Age |
| 11:27 | Create | Villager (Male) |
| 12:01 | Create | Villager (Male) |
| 12:22 | Build | Blacksmith |
| 12:49 | Create | Villager (Male) |
| 13:09 | Build | Market |
| 13:19 | Build | House |
| 13:24 | Create | Villager (Male) |
| 13:54 | Build | Stone Wall |
| 14:07 | Research | Castle Age |
| 14:31 | Build | Stone Wall |
| 14:40 | Build | Stone Wall |
| 14:50 | Research | Horse Collar |
| 14:53 | Research | Double-Bit Axe |
| 16:14 | Build | Farm |
| 16:15 | Build | Farm |
| 16:16 | Build | Farm |
| 16:17 | Build | Farm |
| 16:38 | Create | Villager (Male) |
| 16:47 | Age | Castle Age |
| 17:06 | Build | Town Center |
| 17:10 | Create | Villager (Male) |
| 17:24 | Build | Farm |
| 17:29 | Research | Bow Saw |
| 17:47 | Build | Farm |
| 17:48 | Create | Villager (Male) |
| 18:28 | Build | Farm |
| 18:29 | Create | Villager (Male) |
| 18:40 | Create | Villager (Male) |
| 19:04 | Build | Lumber Camp |
| 19:07 | Create | Villager (Male) |
| 19:37 | Create | Villager (Male) |
| 19:48 | Create | Villager (Male) |
| 19:50 | Create | Villager (Male) |
| 19:52 | Build | Farm |
| 20:34 | Create | Villager (Male) |
| 20:38 | Research | Stone Mining |
| 20:43 | Build | House |
| 20:44 | Build | House |
| 20:47 | Create | Villager (Male) |
| 20:49 | Build | Farm |
| 21:11 | Create | Villager (Male) |
| 21:15 | Build | Farm |
| 21:22 | Create | Villager (Male) |
| 21:26 | Build | Farm |
| 22:11 | Build | Stone Wall |
| 22:20 | Create | Villager (Male) |
| 22:23 | Build | Farm |
| 22:29 | Create | Villager (Male) |
| 22:50 | Create | Villager (Male) |
| 22:54 | Research | Gold Mining |
| 22:56 | Create | Villager (Male) |
| 23:00 | Build | Farm |
| 23:08 | Build | Castle |
| 23:21 | Create | Villager (Male) |
| 23:24 | Create | Villager (Male) |
| 23:28 | Build | Farm |
| 23:58 | Create | Villager (Male) |
| 24:12 | Build | Farm |
| 24:14 | Research | Heavy Plow |
| 24:23 | Build | Farm |
| 24:24 | Build | Farm |
| 24:25 | Build | Farm |
| 24:36 | Build | Town Center |
| 24:38 | Create | Villager (Male) |
| 24:41 | Create | Villager (Male) |
| 24:46 | Build | Farm |
| 24:58 | Create | Janissary |
| 25:04 | Build | Farm |
| 25:06 | Create | Villager (Male) |
| 25:20 | Create | Villager (Male) |
| 25:49 | Build | Farm |
| 25:57 | Create | Villager (Male) |
| 25:57 | Create | Villager (Male) |
| 25:59 | Create | Villager (Male) |
| 25:59 | Create | Villager (Male) |
| 26:03 | Build | Farm |
| 26:27 | Create | Janissary |
| 26:37 | Create | Janissary |
| 26:42 | Create | Janissary |
| 26:45 | Create | Villager (Male) |
| 26:46 | Create | Villager (Male) |
| 26:55 | Build | Farm |
| 27:07 | Research | Wheelbarrow |
| 27:19 | Build | Lumber Camp |
| 27:21 | Create | Villager (Male) |
| 27:25 | Create | Villager (Male) |
| 27:28 | Build | Farm |
| 27:35 | Build | Farm |
| 27:40 | Create | Villager (Male) |
| 27:42 | Create | Villager (Male) |
| 27:47 | Create | Janissary |
| 27:54 | Create | Janissary |
| 28:24 | Build | Farm |
| 28:29 | Build | Farm |
| 28:37 | Build | Farm |
| 28:43 | Build | Farm |
| 28:45 | Build | Farm |
| 28:48 | Build | Farm |
| 28:51 | Build | Farm |
| 28:54 | Build | Farm |
| 28:55 | Create | Villager (Male) |
| 28:57 | Create | Villager (Male) |
| 28:58 | Create | Villager (Male) |
| 29:06 | Build | House |
| 29:06 | Build | House |
| 29:27 | Research | Imperial Age |
| 29:31 | Create | Janissary |
| 29:31 | Create | Janissary |
| 29:40 | Build | Castle |
| 29:47 | Create | Villager (Male) |
| 29:47 | Create | Villager (Male) |
| 29:51 | Create | Villager (Male) |
| 29:51 | Create | Villager (Male) |
| 29:53 | Build | Farm |
| 29:58 | Build | Farm |
Build order — R_FACELESS
First 150 of 423 actions detected
| 0:03 | Create | Villager (Male) |
| 0:03 | Create | Villager (Male) |
| 0:04 | Build | House |
| 0:08 | Build | House |
| 0:29 | Create | Villager (Male) |
| 0:29 | Create | Villager (Male) |
| 0:29 | Create | Villager (Male) |
| 1:42 | Create | Villager (Male) |
| 1:55 | Create | Villager (Male) |
| 2:01 | Build | Mill |
| 2:11 | Research | Loom |
| 2:24 | Create | Villager (Male) |
| 2:25 | Research | Loom |
| 3:04 | Create | Villager (Male) |
| 3:11 | Create | Villager (Male) |
| 3:17 | Build | House |
| 3:47 | Create | Villager (Male) |
| 4:08 | Create | Villager (Male) |
| 4:37 | Create | Villager (Male) |
| 4:49 | Create | Villager (Male) |
| 4:56 | Build | House |
| 5:05 | Create | Villager (Male) |
| 5:23 | Build | Lumber Camp |
| 5:41 | Create | Villager (Male) |
| 5:57 | Create | Villager (Male) |
| 6:42 | Create | Villager (Male) |
| 6:47 | Create | Villager (Male) |
| 7:31 | Create | Villager (Male) |
| 8:02 | Research | Feudal Age |
| 8:25 | Build | House |
| 8:33 | Build | House |
| 9:12 | Create | Villager (Male) |
| 9:30 | Build | Mining Camp |
| 9:35 | Build | House |
| 9:57 | Create | Villager (Male) |
| 10:12 | Build | Palisade Wall |
| 10:28 | Age | Feudal Age |
| 10:34 | Research | Double-Bit Axe |
| 10:46 | Build | Lumber Camp |
| 10:48 | Create | Villager (Male) |
| 11:17 | Create | Villager (Male) |
| 11:46 | Build | Stone Wall |
| 11:48 | Build | Stone Wall |
| 11:53 | Build | Gate |
| 11:57 | Create | Villager (Male) |
| 12:01 | Build | Farm |
| 12:11 | Build | Farm |
| 12:15 | Build | Farm |
| 12:28 | Build | Market |
| 12:33 | Build | Blacksmith |
| 12:37 | Create | Villager (Male) |
| 12:39 | Build | Farm |
| 12:42 | Build | Farm |
| 12:49 | Build | Farm |
| 12:52 | Create | Villager (Male) |
| 14:44 | Create | Villager (Male) |
| 14:44 | Create | Villager (Male) |
| 14:50 | Research | Castle Age |
| 14:55 | Build | Farm |
| 14:55 | Build | Farm |
| 14:55 | Build | Farm |
| 15:04 | Build | Mining Camp |
| 15:16 | Build | Palisade Wall |
| 15:21 | Build | Farm |
| 15:27 | Create | Villager (Male) |
| 16:09 | Create | Villager (Male) |
| 16:18 | Build | House |
| 16:19 | Build | House |
| 16:20 | Build | House |
| 17:49 | Age | Castle Age |
| 17:55 | Build | Stone Wall |
| 18:00 | Create | Villager (Male) |
| 18:04 | Research | Bow Saw |
| 18:30 | Create | Villager (Male) |
| 18:47 | Build | Farm |
| 19:08 | Build | Town Center |
| 19:26 | Build | Mining Camp |
| 19:37 | Build | Monastery |
| 19:40 | Build | University |
| 19:53 | Create | Villager (Male) |
| 19:53 | Create | Villager (Male) |
| 20:09 | Create | Villager (Male) |
| 20:19 | Build | House |
| 20:21 | Build | House |
| 20:22 | Build | House |
| 20:23 | Build | House |
| 20:24 | Build | House |
| 20:36 | Create | Villager (Male) |
| 20:39 | Build | Farm |
| 20:39 | Build | Farm |
| 20:39 | Build | Farm |
| 20:41 | Create | Villager (Male) |
| 20:42 | Create | Villager (Male) |
| 21:13 | Create | Villager (Male) |
| 21:16 | Build | Farm |
| 21:27 | Create | Villager (Male) |
| 21:33 | Build | Farm |
| 21:33 | Build | Farm |
| 21:33 | Build | Farm |
| 21:44 | Create | Villager (Male) |
| 21:53 | Create | Monk |
| 22:13 | Create | Villager (Male) |
| 22:14 | Create | Villager (Male) |
| 22:25 | Build | Farm |
| 23:00 | Create | Villager (Male) |
| 23:01 | Create | Villager (Male) |
| 23:18 | Build | Farm |
| 23:19 | Build | Farm |
| 23:19 | Build | Farm |
| 23:19 | Build | Farm |
| 23:29 | Create | Villager (Male) |
| 23:33 | Create | Villager (Male) |
| 23:36 | Create | Villager (Male) |
| 23:44 | Build | Barracks |
| 23:48 | Build | Outpost |
| 24:03 | Build | Town Center |
| 24:16 | Create | Villager (Male) |
| 24:32 | Research | Imperial Age |
| 24:47 | Build | House |
| 24:49 | Build | House |
| 24:51 | Build | House |
| 24:52 | Build | House |
| 24:53 | Build | House |
| 24:54 | Build | House |
| 24:55 | Build | House |
| 25:29 | Build | Siege Workshop |
| 25:43 | Research | Fervor |
| 26:02 | Research | Wheelbarrow |
| 26:03 | Research | Town Watch |
| 26:07 | Create | Villager (Male) |
| 26:12 | Research | Town Watch |
| 26:12 | Create | Villager (Male) |
| 26:13 | Create | Villager (Male) |
| 26:16 | Research | Gold Mining |
| 27:15 | Research | Stone Mining |
| 27:21 | Create | Villager (Male) |
| 27:21 | Create | Villager (Male) |
| 27:23 | Create | Villager (Male) |
| 27:23 | Create | Villager (Male) |
| 27:23 | Create | Villager (Male) |
| 27:42 | Age | Imperial Age |
| 28:01 | Build | Feitoria |
| 28:19 | Build | House |
| 28:19 | Build | House |
| 28:20 | Build | House |
| 28:21 | Build | House |
| 28:24 | Build | House |
| 28:25 | Build | House |
| 28:25 | Build | House |
| 28:26 | Build | House |
Build order — gipsidanger
First 150 of 293 actions detected
| 0:07 | Build | House |
| 0:12 | Build | House |
| 0:15 | Create | Villager (Male) ×4 |
| 2:07 | Create | Villager (Male) ×2 |
| 3:05 | Create | Villager (Male) |
| 3:05 | Create | Villager (Male) |
| 3:05 | Create | Villager (Male) |
| 3:06 | Create | Villager (Male) |
| 3:06 | Create | Villager (Male) |
| 3:42 | Build | Lumber Camp |
| 3:55 | Create | Villager (Male) |
| 3:55 | Create | Villager (Male) |
| 3:56 | Create | Villager (Male) |
| 4:11 | Build | House |
| 4:26 | Create | Villager (Male) |
| 4:27 | Create | Villager (Male) |
| 5:55 | Create | Villager (Male) |
| 5:55 | Create | Villager (Male) |
| 5:55 | Create | Villager (Male) |
| 5:56 | Create | Villager (Male) |
| 6:47 | Create | Villager (Male) |
| 6:48 | Create | Villager (Male) |
| 6:56 | Build | House |
| 7:16 | Build | Mill |
| 8:24 | Create | Villager (Male) |
| 8:49 | Create | Villager (Male) |
| 9:41 | Research | Feudal Age |
| 10:14 | Research | Loom |
| 10:15 | Create | Villager (Male) |
| 10:25 | Build | House |
| 11:04 | Build | Mining Camp |
| 11:23 | Build | Barracks |
| 11:35 | Create | Villager (Male) |
| 11:51 | Age | Feudal Age |
| 11:55 | Research | Double-Bit Axe |
| 12:15 | Build | Mining Camp |
| 12:42 | Create | Villager (Male) |
| 12:42 | Create | Villager (Male) |
| 13:46 | Build | Stone Wall |
| 13:54 | Create | Villager (Male) |
| 15:16 | Create | Villager (Male) |
| 15:18 | Create | Villager (Male) |
| 16:40 | Build | Farm |
| 16:41 | Build | Farm |
| 16:41 | Build | Farm |
| 16:42 | Build | Farm |
| 16:42 | Build | Farm |
| 16:42 | Build | Farm |
| 17:03 | Build | Blacksmith |
| 17:05 | Create | Villager (Male) |
| 17:05 | Create | Villager (Male) |
| 17:11 | Build | Stable |
| 17:21 | Build | Farm |
| 17:21 | Build | Farm |
| 17:23 | Build | Farm |
| 17:24 | Build | Farm |
| 17:43 | Build | House |
| 17:44 | Build | House |
| 17:56 | Build | Farm |
| 18:06 | Build | Farm |
| 18:08 | Research | Castle Age |
| 18:25 | Build | Farm |
| 18:27 | Research | Horse Collar |
| 20:48 | Age | Castle Age |
| 20:52 | Create | Knight |
| 20:53 | Create | Knight |
| 20:56 | Research | Scale Barding Armor |
| 21:05 | Build | Farm |
| 21:12 | Build | Farm |
| 21:20 | Build | Farm |
| 21:26 | Build | Farm |
| 22:11 | Create | Knight |
| 22:11 | Create | Knight |
| 22:11 | Create | Knight |
| 22:41 | Create | Villager (Male) |
| 22:41 | Create | Villager (Male) |
| 23:15 | Build | Town Center |
| 23:18 | Create | Villager (Male) |
| 24:08 | Create | Villager (Male) |
| 24:08 | Create | Villager (Male) |
| 24:08 | Create | Villager (Male) |
| 24:08 | Create | Villager (Male) |
| 24:38 | Research | Forging |
| 25:07 | Research | Gold Mining |
| 25:08 | Create | Villager (Male) |
| 25:09 | Create | Villager (Male) |
| 25:09 | Create | Villager (Male) |
| 25:10 | Create | Villager (Male) |
| 25:23 | Create | Villager (Male) |
| 25:31 | Create | Scout Cavalry |
| 25:41 | Create | Villager (Male) |
| 25:41 | Create | Villager (Male) |
| 26:58 | Research | Pikeman (upgrade) |
| 26:59 | Research | Squires |
| 27:02 | Create | Villager (Male) |
| 27:02 | Create | Villager (Male) |
| 27:02 | Create | Villager (Male) |
| 27:04 | Create | Villager (Male) |
| 27:04 | Create | Villager (Male) |
| 27:14 | Build | Barracks |
| 27:15 | Build | Barracks |
| 27:36 | Build | Farm |
| 27:36 | Build | Farm |
| 27:37 | Build | Farm |
| 27:37 | Build | Farm |
| 27:38 | Build | Farm |
| 27:38 | Build | Farm |
| 27:42 | Create | Villager (Male) |
| 27:42 | Create | Villager (Male) |
| 27:42 | Create | Villager (Male) |
| 27:56 | Build | House |
| 27:56 | Build | House |
| 27:56 | Build | House |
| 27:57 | Build | House |
| 28:02 | Create | Villager (Male) |
| 28:58 | Create | Villager (Male) |
| 28:58 | Create | Villager (Male) |
| 29:00 | Research | Heavy Plow |
| 29:05 | Create | Spearman ×4 |
| 29:21 | Create | Spearman ×2 |
| 29:42 | Build | Farm |
| 29:45 | Create | Villager (Male) |
| 29:45 | Create | Villager (Male) |
| 29:54 | Build | Farm |
| 30:11 | Build | Lumber Camp |
| 30:26 | Build | House |
| 30:26 | Build | House |
| 30:27 | Build | House |
| 30:27 | Build | House |
| 30:27 | Build | House |
| 30:28 | Build | House |
| 30:36 | Build | Farm |
| 30:54 | Build | Farm |
| 31:01 | Build | Farm |
| 31:09 | Build | Farm |
| 31:18 | Build | Farm |
| 31:24 | Build | Farm |
| 31:31 | Research | Bow Saw |
| 31:35 | Research | Wheelbarrow |
| 31:54 | Research | Scale Mail Armor |
| 32:12 | Create | Spearman ×5 |
| 32:20 | Create | Villager (Male) |
| 32:25 | Create | Villager (Male) |
| 32:25 | Create | Villager (Male) |
| 32:32 | Build | Farm |
| 32:47 | Build | Farm |
| 32:47 | Build | Farm |
| 32:50 | Build | Farm |
| 32:56 | Build | Farm |
| 32:57 | Create | Villager (Male) |
Build order — skilla
First 150 of 672 actions detected
| 0:02 | Create | Villager (Male) |
| 0:02 | Create | Villager (Male) |
| 0:02 | Create | Villager (Male) |
| 0:02 | Create | Villager (Male) |
| 0:02 | Create | Villager (Male) |
| 0:04 | Build | House |
| 0:08 | Build | House |
| 1:27 | Create | Villager (Male) |
| 1:27 | Create | Villager (Male) |
| 1:27 | Create | Villager (Male) |
| 1:27 | Create | Villager (Male) |
| 1:27 | Create | Villager (Male) |
| 1:50 | Create | Villager (Male) |
| 1:50 | Create | Villager (Male) |
| 1:50 | Create | Villager (Male) |
| 1:50 | Create | Villager (Male) |
| 2:18 | Build | Lumber Camp |
| 3:01 | Create | Villager (Male) |
| 3:01 | Create | Villager (Male) |
| 3:01 | Create | Villager (Male) |
| 3:01 | Create | Villager (Male) |
| 3:22 | Create | Villager (Male) |
| 3:22 | Create | Villager (Male) |
| 3:22 | Create | Villager (Male) |
| 4:00 | Build | House |
| 4:02 | Build | House |
| 4:04 | Create | Villager (Male) |
| 4:04 | Create | Villager (Male) |
| 4:04 | Create | Villager (Male) |
| 4:23 | Create | Villager (Male) |
| 4:23 | Create | Villager (Male) |
| 4:23 | Create | Villager (Male) |
| 4:23 | Create | Villager (Male) |
| 4:46 | Create | Villager (Male) |
| 4:46 | Create | Villager (Male) |
| 4:46 | Create | Villager (Male) |
| 4:46 | Create | Villager (Male) |
| 4:53 | Build | Mill |
| 5:35 | Create | Villager (Male) |
| 5:35 | Create | Villager (Male) |
| 6:28 | Create | Villager (Male) |
| 6:28 | Create | Villager (Male) |
| 6:39 | Create | Villager (Male) |
| 6:39 | Create | Villager (Male) |
| 7:03 | Create | Villager (Male) |
| 7:45 | Create | Villager (Male) |
| 8:08 | Research | Loom |
| 8:16 | Build | Mining Camp |
| 8:24 | Build | Mill |
| 8:51 | Research | Feudal Age |
| 10:19 | Build | Barracks |
| 10:21 | Create | Villager (Male) |
| 11:01 | Age | Feudal Age |
| 11:05 | Create | Villager (Male) |
| 11:31 | Create | Villager (Male) |
| 12:16 | Build | Stable |
| 12:20 | Build | Palisade Wall |
| 12:47 | Build | House |
| 12:48 | Build | House |
| 12:51 | Create | Villager (Male) |
| 12:51 | Create | Villager (Male) |
| 12:51 | Create | Villager (Male) |
| 13:33 | Build | Stable |
| 13:43 | Create | Villager (Male) |
| 13:49 | Research | Double-Bit Axe |
| 13:54 | Research | Horse Collar |
| 13:57 | Research | Gold Mining |
| 14:34 | Create | Scout Cavalry |
| 14:34 | Create | Scout Cavalry |
| 14:34 | Create | Scout Cavalry |
| 14:47 | Create | Villager (Male) |
| 14:47 | Create | Villager (Male) |
| 14:59 | Build | Farm |
| 15:01 | Build | Farm |
| 15:23 | Build | Palisade Wall |
| 15:29 | Build | Palisade Wall |
| 15:33 | Build | House |
| 15:38 | Create | Villager (Male) |
| 15:38 | Create | Villager (Male) |
| 15:44 | Build | House |
| 15:46 | Build | House |
| 15:55 | Build | Farm |
| 15:57 | Build | Farm |
| 16:00 | Create | Villager (Male) |
| 16:05 | Build | Farm |
| 16:07 | Build | Farm |
| 16:08 | Build | Farm |
| 16:15 | Build | Farm |
| 16:17 | Build | Farm |
| 16:18 | Build | Farm |
| 16:23 | Build | Farm |
| 16:29 | Create | Villager (Male) |
| 16:38 | Build | Farm |
| 16:42 | Create | Scout Cavalry |
| 17:17 | Create | Villager (Male) |
| 17:26 | Build | Palisade Wall |
| 17:51 | Build | Farm |
| 17:53 | Build | Farm |
| 18:15 | Build | Mining Camp |
| 18:17 | Create | Villager (Male) |
| 18:17 | Create | Villager (Male) |
| 18:20 | Research | Town Watch |
| 18:54 | Build | Farm |
| 18:56 | Build | Farm |
| 19:00 | Build | Farm |
| 19:46 | Create | Villager (Male) |
| 19:46 | Create | Villager (Male) |
| 19:51 | Create | Villager (Male) |
| 19:52 | Create | Villager (Male) |
| 19:59 | Build | Market |
| 20:09 | Build | Blacksmith |
| 20:44 | Research | Castle Age |
| 21:06 | Research | Bloodlines |
| 21:13 | Research | Scale Barding Armor |
| 21:17 | Research | Forging |
| 21:25 | Build | Farm |
| 21:27 | Build | Farm |
| 21:29 | Build | Farm |
| 21:34 | Create | Villager (Male) |
| 22:43 | Build | Stable |
| 22:50 | Create | Villager (Male) |
| 22:50 | Create | Villager (Male) |
| 23:24 | Age | Castle Age |
| 23:42 | Create | Unit 1944 |
| 23:42 | Create | Unit 1944 |
| 23:42 | Create | Unit 1944 |
| 23:43 | Create | Unit 1944 |
| 23:43 | Create | Unit 1944 |
| 23:43 | Create | Unit 1944 |
| 23:44 | Create | Unit 1944 |
| 23:44 | Create | Unit 1944 |
| 23:50 | Research | Husbandry |
| 23:52 | Create | Villager (Male) |
| 24:10 | Build | Town Center |
| 24:23 | Create | Villager (Male) |
| 24:36 | Build | Town Center |
| 24:47 | Build | House |
| 24:49 | Build | House |
| 24:59 | Create | Villager (Male) |
| 24:59 | Create | Villager (Male) |
| 24:59 | Create | Villager (Male) |
| 25:27 | Create | Unit 1944 |
| 25:28 | Create | Unit 1944 |
| 25:28 | Create | Unit 1944 |
| 25:35 | Research | Husbandry |
| 25:37 | Create | Villager (Male) |
| 25:42 | Research | Wheelbarrow |
| 25:45 | Research | Bow Saw |
| 25:55 | Build | House |
| 26:03 | Create | Villager (Male) |
Build order — RICARDONE ES SABALERO
First 150 of 529 actions detected
| 0:02 | Create | Villager (Male) |
| 0:02 | Create | Villager (Male) |
| 0:03 | Build | House |
| 0:06 | Build | House |
| 0:32 | Create | Villager (Male) |
| 0:32 | Create | Villager (Male) |
| 0:32 | Create | Villager (Male) |
| 0:32 | Create | Villager (Male) |
| 1:38 | Create | Villager (Male) |
| 1:38 | Create | Villager (Male) |
| 1:39 | Create | Villager (Male) |
| 1:45 | Build | Lumber Camp |
| 1:56 | Create | Villager (Male) |
| 1:56 | Create | Villager (Male) |
| 2:21 | Create | Villager (Male) |
| 2:22 | Create | Villager (Male) |
| 2:50 | Create | Villager (Male) |
| 3:22 | Create | Villager (Male) |
| 3:27 | Build | Mill |
| 3:46 | Create | Villager (Male) |
| 3:47 | Create | Villager (Male) |
| 3:57 | Create | Villager (Male) |
| 4:34 | Create | Villager (Male) |
| 4:42 | Build | House |
| 4:51 | Research | Loom |
| 4:51 | Create | Villager (Male) |
| 5:14 | Create | Villager (Male) |
| 5:30 | Create | Villager (Male) |
| 5:46 | Create | Villager (Male) |
| 6:18 | Create | Villager (Male) |
| 6:23 | Build | House |
| 7:07 | Create | Villager (Male) |
| 7:24 | Create | Villager (Male) |
| 7:32 | Create | Villager (Male) |
| 7:55 | Create | Villager (Male) |
| 8:20 | Create | Villager (Male) |
| 8:33 | Create | Villager (Male) |
| 9:02 | Build | Mill |
| 9:25 | Research | Feudal Age |
| 9:26 | Research | Feudal Age |
| 9:32 | Build | Mining Camp |
| 9:35 | Create | Villager (Male) |
| 10:23 | Build | House |
| 11:13 | Create | Villager (Male) |
| 11:14 | Create | Villager (Male) |
| 11:36 | Age | Feudal Age |
| 11:40 | Build | Market |
| 11:42 | Build | Blacksmith |
| 11:52 | Build | House |
| 12:17 | Create | Villager (Male) |
| 12:30 | Build | Stone Wall |
| 12:32 | Create | Villager (Male) |
| 12:39 | Research | Castle Age |
| 12:39 | Research | Castle Age |
| 12:54 | Research | Double-Bit Axe |
| 12:57 | Create | Villager (Male) |
| 13:47 | Build | Gate |
| 14:34 | Build | Lumber Camp |
| 15:12 | Create | Villager (Male) |
| 15:18 | Age | Castle Age |
| 15:46 | Build | Stone Wall |
| 15:50 | Create | Villager (Male) |
| 15:53 | Research | Bow Saw |
| 16:13 | Create | Villager (Male) |
| 16:22 | Build | Town Center |
| 16:43 | Create | Villager (Male) |
| 16:54 | Build | Barracks |
| 16:57 | Build | House |
| 17:08 | Create | Villager (Male) |
| 17:29 | Build | Mining Camp |
| 17:33 | Create | Villager (Male) |
| 17:33 | Create | Villager (Male) |
| 17:42 | Build | House |
| 17:49 | Build | Archery Range |
| 17:51 | Create | Villager (Male) |
| 17:51 | Create | Villager (Male) |
| 17:59 | Research | Fletching |
| 18:00 | Research | Padded Archer Armor |
| 18:04 | Research | Horse Collar |
| 18:10 | Create | Villager (Male) |
| 18:11 | Create | Villager (Male) |
| 18:12 | Create | Villager (Male) |
| 18:13 | Create | Villager (Male) |
| 18:30 | Create | Villager (Male) |
| 18:33 | Research | Wheelbarrow |
| 18:36 | Research | Town Watch |
| 18:57 | Create | Cavalry Archer |
| 18:57 | Create | Cavalry Archer |
| 18:58 | Create | Cavalry Archer |
| 18:58 | Create | Cavalry Archer |
| 18:58 | Create | Cavalry Archer |
| 18:59 | Create | Cavalry Archer |
| 19:16 | Create | Villager (Male) |
| 19:17 | Create | Villager (Male) |
| 19:21 | Build | Farm |
| 19:22 | Build | Farm |
| 19:25 | Build | Farm |
| 19:35 | Build | Archery Range |
| 19:43 | Build | Farm |
| 20:05 | Create | Villager (Male) |
| 20:18 | Build | Farm |
| 20:18 | Build | Farm |
| 20:18 | Build | Farm |
| 20:19 | Build | Farm |
| 20:19 | Build | Farm |
| 20:19 | Build | Farm |
| 20:19 | Build | Farm |
| 20:47 | Create | Villager (Male) |
| 20:48 | Create | Villager (Male) |
| 20:49 | Create | Villager (Male) |
| 20:49 | Create | Villager (Male) |
| 20:53 | Create | Cavalry Archer |
| 20:53 | Create | Cavalry Archer |
| 20:54 | Create | Cavalry Archer |
| 21:01 | Create | Cavalry Archer |
| 21:01 | Create | Cavalry Archer |
| 21:05 | Build | Mining Camp |
| 21:09 | Research | Gold Mining |
| 21:10 | Create | Villager (Male) |
| 21:15 | Build | Farm |
| 21:17 | Build | House |
| 21:20 | Build | House |
| 21:23 | Build | Farm |
| 21:34 | Create | Villager (Male) |
| 21:35 | Create | Villager (Male) |
| 21:41 | Build | Farm |
| 21:43 | Build | Farm |
| 21:45 | Build | House |
| 22:31 | Create | Cavalry Archer |
| 22:32 | Create | Cavalry Archer |
| 22:33 | Create | Villager (Male) |
| 22:33 | Create | Villager (Male) |
| 22:44 | Build | Farm |
| 22:44 | Build | Farm |
| 22:44 | Build | Farm |
| 22:44 | Build | Farm |
| 22:44 | Build | Farm |
| 22:45 | Build | Farm |
| 22:45 | Build | Farm |
| 22:52 | Research | Bodkin Arrow |
| 23:03 | Build | University |
| 23:06 | Create | Villager (Male) |
| 23:12 | Build | House |
| 23:13 | Build | House |
| 23:13 | Build | House |
| 23:13 | Build | House |
| 23:13 | Build | House |
| 23:13 | Build | House |
| 23:14 | Build | House |
| 23:14 | Build | House |
Build order — jesusodinson
First 150 of 354 actions detected
| 0:13 | Build | House |
| 0:16 | Build | House |
| 0:18 | Create | Villager (Male) ×4 |
| 1:21 | Create | Villager (Male) |
| 1:55 | Create | Villager (Male) |
| 2:16 | Build | Lumber Camp |
| 2:53 | Create | Villager (Male) ×2 |
| 2:59 | Build | House |
| 3:00 | Build | House |
| 3:26 | Create | Villager (Male) |
| 3:35 | Create | Villager (Male) |
| 4:02 | Create | Villager (Male) |
| 4:54 | Create | Villager (Male) ×2 |
| 4:57 | Create | Villager (Male) |
| 5:26 | Build | Mill |
| 6:17 | Create | Villager (Male) |
| 6:17 | Create | Villager (Male) |
| 6:22 | Create | Villager (Male) |
| 7:15 | Build | House |
| 7:18 | Build | House |
| 8:30 | Build | Barracks |
| 8:31 | Research | Feudal Age |
| 9:41 | Create | Villager (Male) |
| 9:41 | Create | Villager (Male) |
| 9:41 | Create | Villager (Male) |
| 10:12 | Build | Mining Camp |
| 10:41 | Age | Feudal Age |
| 10:53 | Build | Archery Range |
| 11:52 | Create | Archer |
| 11:52 | Create | Archer |
| 11:53 | Create | Archer |
| 11:55 | Build | Archery Range |
| 12:20 | Create | Villager (Male) |
| 12:21 | Create | Villager (Male) |
| 12:21 | Create | Villager (Male) |
| 12:55 | Build | Stone Wall |
| 12:57 | Build | Stone Wall |
| 13:05 | Create | Archer ×2 |
| 13:33 | Build | Blacksmith |
| 13:38 | Build | Farm |
| 13:42 | Create | Villager (Male) |
| 13:42 | Create | Villager (Male) |
| 13:43 | Create | Villager (Male) |
| 13:51 | Build | House |
| 13:58 | Create | Archer ×2 |
| 14:33 | Research | Fletching |
| 14:40 | Build | Farm |
| 15:16 | Build | Farm |
| 15:17 | Create | Villager (Male) |
| 15:18 | Create | Villager (Male) |
| 15:18 | Create | Villager (Male) |
| 15:44 | Build | Farm |
| 15:47 | Build | House |
| 15:49 | Build | House |
| 16:04 | Build | Lumber Camp |
| 16:35 | Build | Farm |
| 16:38 | Build | Farm |
| 17:17 | Build | Stone Wall |
| 17:21 | Research | Castle Age |
| 19:43 | Create | Villager (Male) ×5 |
| 19:52 | Build | Market |
| 20:01 | Age | Castle Age |
| 20:24 | Build | Stable |
| 20:39 | Research | Crossbowman (upgrade) |
| 20:43 | Build | Farm |
| 20:54 | Build | Town Center |
| 20:58 | Build | Farm |
| 21:12 | Build | Town Center |
| 21:37 | Research | Bodkin Arrow |
| 22:28 | Build | Farm |
| 22:30 | Build | Farm |
| 22:31 | Build | Farm |
| 22:40 | Create | Villager (Male) ×4 |
| 23:08 | Create | Villager (Male) ×2 |
| 23:25 | Create | Villager (Male) |
| 23:33 | Build | Farm |
| 23:42 | Build | Farm |
| 24:22 | Build | Farm |
| 24:29 | Create | Villager (Male) ×5 |
| 24:40 | Build | Farm |
| 24:52 | Build | House |
| 24:54 | Build | House |
| 24:54 | Build | House |
| 24:55 | Build | House |
| 24:55 | Build | House |
| 24:58 | Create | Villager (Male) ×3 |
| 25:03 | Build | Farm |
| 25:12 | Create | Villager (Male) ×2 |
| 25:17 | Build | Lumber Camp |
| 25:30 | Build | Farm |
| 25:51 | Build | Town Center |
| 25:55 | Build | Farm |
| 26:22 | Build | Farm |
| 27:01 | Build | Stone Wall |
| 27:06 | Create | Villager (Male) ×5 |
| 27:08 | Create | Villager (Male) ×5 |
| 27:13 | Build | Farm |
| 27:40 | Build | Farm |
| 27:43 | Research | Horse Collar |
| 27:46 | Create | Villager (Male) ×5 |
| 27:59 | Build | Mining Camp |
| 28:04 | Create | Villager (Male) ×4 |
| 28:08 | Build | Farm |
| 28:18 | Build | Farm |
| 28:23 | Build | Farm |
| 28:37 | Research | Light Cavalry (upgrade) |
| 28:45 | Build | Farm |
| 28:53 | Build | Farm |
| 29:12 | Build | Farm |
| 29:15 | Build | Farm |
| 29:16 | Create | Villager (Male) ×5 |
| 29:18 | Create | Villager (Male) ×3 |
| 29:25 | Create | Villager (Male) |
| 29:25 | Create | Villager (Male) |
| 29:38 | Build | Farm |
| 29:49 | Build | Farm |
| 29:56 | Build | Farm |
| 30:08 | Build | House |
| 30:09 | Build | House |
| 30:10 | Build | House |
| 30:10 | Build | House |
| 30:11 | Build | House |
| 30:12 | Build | House |
| 30:12 | Build | House |
| 30:13 | Build | House |
| 30:13 | Build | House |
| 30:13 | Build | House |
| 30:17 | Build | Farm |
| 30:19 | Build | Farm |
| 30:22 | Build | Farm |
| 30:26 | Build | Castle |
| 30:29 | Create | Villager (Male) ×5 |
| 30:55 | Build | Mill |
| 30:59 | Create | Villager (Male) ×5 |
| 31:11 | Create | Villager (Male) ×5 |
| 31:24 | Build | Farm |
| 31:33 | Research | Double-Bit Axe |
| 31:35 | Research | Scale Barding Armor |
| 31:42 | Research | Wheelbarrow |
| 31:48 | Research | Heavy Plow |
| 31:52 | Build | Farm |
| 31:53 | Build | Farm |
| 32:18 | Build | Farm |
| 32:22 | Build | Farm |
| 32:27 | Build | Farm |
| 32:38 | Create | Villager (Male) ×5 |
| 32:54 | Build | Lumber Camp |
| 33:00 | Build | Lumber Camp |
| 33:04 | Build | Mining Camp |
| 33:09 | Build | Mill |
Build order — Bet4
First 150 of 318 actions detected
| 0:02 | Create | Villager (Male) |
| 0:02 | Create | Villager (Male) |
| 0:02 | Create | Villager (Male) |
| 0:03 | Create | Villager (Male) |
| 0:03 | Create | Villager (Male) |
| 0:08 | Build | House |
| 0:12 | Build | House |
| 1:34 | Create | Villager (Male) |
| 2:11 | Create | Villager (Male) |
| 2:11 | Create | Villager (Male) |
| 2:54 | Build | Barracks |
| 2:59 | Create | Villager (Male) |
| 3:42 | Create | Villager (Male) |
| 3:42 | Create | Villager (Male) |
| 4:26 | Create | Unit 2550 |
| 4:27 | Create | Unit 2550 |
| 4:27 | Create | Unit 2550 |
| 4:28 | Create | Unit 2550 |
| 4:56 | Build | House |
| 5:25 | Create | Villager (Male) |
| 5:27 | Create | Villager (Male) |
| 5:38 | Build | House |
| 7:16 | Build | Settlement |
| 7:39 | Create | Villager (Male) |
| 7:40 | Create | Villager (Male) |
| 10:33 | Research | Feudal Age |
| 10:55 | Create | Unit 2550 |
| 11:42 | Build | Settlement |
| 12:20 | Create | Villager (Male) |
| 12:43 | Age | Feudal Age |
| 12:56 | Build | Stone Wall |
| 13:15 | Create | Villager (Male) |
| 13:15 | Create | Villager (Male) |
| 13:15 | Create | Villager (Male) |
| 14:12 | Build | Stone Wall |
| 14:40 | Build | Blacksmith |
| 15:20 | Build | Stone Wall |
| 15:36 | Build | Farm |
| 15:36 | Build | Farm |
| 15:36 | Build | Farm |
| 15:37 | Build | Farm |
| 15:37 | Build | Farm |
| 15:37 | Build | Farm |
| 15:38 | Build | Farm |
| 15:38 | Build | Farm |
| 15:38 | Build | Farm |
| 15:42 | Create | Villager (Male) |
| 15:42 | Create | Villager (Male) |
| 15:42 | Create | Villager (Male) |
| 15:42 | Create | Villager (Male) |
| 15:43 | Create | Villager (Male) |
| 16:03 | Build | Settlement |
| 17:06 | Research | Forging |
| 17:07 | Research | Scale Mail Armor |
| 17:28 | Create | Spearman |
| 17:28 | Create | Spearman |
| 17:29 | Create | Spearman |
| 18:42 | Build | Stone Wall |
| 19:17 | Create | Spearman |
| 19:18 | Create | Spearman |
| 19:18 | Create | Spearman |
| 19:18 | Create | Spearman |
| 19:46 | Create | Spearman |
| 19:47 | Create | Spearman |
| 20:02 | Build | Farm |
| 20:02 | Build | Farm |
| 20:02 | Build | Farm |
| 20:03 | Build | Farm |
| 20:04 | Build | Farm |
| 20:14 | Research | Tech 1402 |
| 20:25 | Build | Gate |
| 20:37 | Create | Villager (Male) |
| 20:39 | Create | Villager (Male) |
| 20:39 | Create | Villager (Male) |
| 20:58 | Create | Unit 2550 ×5 |
| 21:54 | Create | Unit 2550 |
| 22:07 | Research | Loom |
| 22:09 | Research | Wheelbarrow |
| 22:27 | Build | House |
| 22:29 | Build | House |
| 22:31 | Build | House |
| 22:35 | Create | Villager (Male) |
| 22:36 | Create | Villager (Male) |
| 22:38 | Create | Villager (Male) |
| 23:00 | Create | Villager (Male) |
| 23:24 | Build | Farm |
| 24:05 | Create | Unit 2550 |
| 24:06 | Create | Unit 2550 |
| 24:06 | Create | Unit 2550 |
| 24:17 | Build | Barracks |
| 24:39 | Create | Villager (Male) |
| 24:47 | Build | Farm |
| 25:01 | Build | Farm |
| 25:13 | Create | Villager (Male) |
| 25:58 | Build | Farm |
| 26:02 | Research | Double-Bit Axe |
| 26:16 | Build | Farm |
| 27:19 | Create | Villager (Male) |
| 27:33 | Build | Farm |
| 27:42 | Build | Market |
| 28:52 | Research | Castle Age |
| 29:37 | Build | Stone Wall |
| 30:41 | Build | Stone Wall |
| 31:07 | Build | Stone Wall |
| 31:18 | Build | Stone Wall |
| 31:32 | Age | Castle Age |
| 31:37 | Build | Farm |
| 32:33 | Build | Settlement |
| 32:34 | Create | Villager (Male) |
| 32:35 | Create | Villager (Male) |
| 32:35 | Create | Villager (Male) |
| 32:35 | Create | Villager (Male) |
| 32:35 | Create | Villager (Male) |
| 32:47 | Build | University |
| 33:00 | Build | Monastery |
| 34:23 | Research | Pikeman (upgrade) |
| 35:06 | Create | Villager (Male) |
| 35:18 | Build | Town Center |
| 35:24 | Research | Imperial Age |
| 35:49 | Research | Bow Saw |
| 35:49 | Research | Horse Collar |
| 36:00 | Build | Farm |
| 36:01 | Build | Farm |
| 36:01 | Build | Farm |
| 36:01 | Build | Farm |
| 36:02 | Build | Farm |
| 36:10 | Research | Tech 1351 |
| 36:23 | Research | Caravan |
| 37:07 | Build | Town Center |
| 37:14 | Create | Villager (Male) |
| 37:14 | Create | Villager (Male) |
| 38:41 | Age | Imperial Age |
| 38:52 | Create | Villager (Male) |
| 38:52 | Create | Villager (Male) |
| 38:55 | Create | Villager (Male) |
| 38:58 | Create | Villager (Male) |
| 39:00 | Create | Villager (Male) |
| 39:12 | Create | Villager (Male) |
| 39:18 | Build | Farm |
| 39:19 | Build | Farm |
| 39:19 | Build | Farm |
| 39:19 | Build | Farm |
| 39:19 | Build | Farm |
| 39:21 | Build | Farm |
| 39:24 | Build | Farm |
| 39:25 | Build | Farm |
| 39:25 | Build | Farm |
| 39:30 | Create | Villager (Male) |
| 39:30 | Create | Villager (Male) |
| 39:32 | Create | Villager (Male) |
Build order — kütral küruf
First 150 of 402 actions detected
| 0:03 | Create | Villager (Male) |
| 0:03 | Create | Villager (Male) |
| 0:03 | Create | Villager (Male) |
| 0:04 | Create | Villager (Male) |
| 0:04 | Create | Villager (Male) |
| 0:04 | Create | Villager (Male) |
| 0:07 | Build | House |
| 0:38 | Build | Settlement |
| 0:56 | Build | Settlement |
| 1:34 | Research | Loom |
| 2:21 | Create | Villager (Male) |
| 2:21 | Create | Villager (Male) |
| 2:42 | Create | Villager (Male) |
| 3:01 | Create | Villager (Male) |
| 3:30 | Create | Villager (Male) |
| 4:02 | Create | Villager (Male) |
| 4:07 | Build | Settlement |
| 4:18 | Create | Villager (Male) |
| 4:47 | Create | Villager (Male) |
| 5:20 | Create | Villager (Male) |
| 5:51 | Create | Villager (Male) |
| 6:17 | Create | Villager (Male) |
| 6:18 | Create | Villager (Male) |
| 6:18 | Create | Villager (Male) |
| 6:26 | Build | House |
| 6:28 | Build | House |
| 6:41 | Create | Villager (Male) |
| 6:41 | Create | Villager (Male) |
| 7:08 | Create | Villager (Male) |
| 7:09 | Create | Villager (Male) |
| 7:44 | Create | Villager (Male) |
| 7:45 | Create | Villager (Male) |
| 8:02 | Create | Villager (Male) |
| 8:02 | Create | Villager (Male) |
| 8:19 | Create | Villager (Male) |
| 8:20 | Create | Villager (Male) |
| 9:23 | Build | Settlement |
| 9:39 | Research | Feudal Age |
| 12:37 | Age | Feudal Age |
| 13:07 | Build | Market |
| 13:13 | Build | Blacksmith |
| 13:27 | Build | Blacksmith |
| 13:35 | Research | Wheelbarrow |
| 14:32 | Research | Castle Age |
| 15:00 | Build | Settlement |
| 15:40 | Research | Stone Mining |
| 15:42 | Research | Horse Collar |
| 15:50 | Research | Double-Bit Axe |
| 16:12 | Research | Horse Collar |
| 17:15 | Age | Castle Age |
| 17:18 | Research | Town Watch |
| 17:36 | Build | Town Center |
| 17:43 | Create | Villager (Male) |
| 18:05 | Create | Villager (Male) |
| 18:26 | Build | Farm |
| 18:39 | Build | Farm |
| 18:44 | Create | Villager (Male) |
| 18:55 | Build | Farm |
| 19:00 | Build | Farm |
| 19:18 | Create | Villager (Male) |
| 19:37 | Build | Castle |
| 19:53 | Build | Farm |
| 19:58 | Build | Farm |
| 20:03 | Build | Farm |
| 20:11 | Build | Farm |
| 20:14 | Create | Villager (Male) |
| 20:33 | Create | Villager (Male) |
| 21:01 | Build | Farm |
| 21:04 | Create | Villager (Male) |
| 21:29 | Build | Farm |
| 21:31 | Create | Villager (Male) |
| 21:33 | Build | Farm |
| 21:53 | Create | Villager (Male) |
| 22:05 | Build | Farm |
| 22:06 | Create | Villager (Male) |
| 22:14 | Create | Villager (Male) |
| 22:35 | Build | Town Center |
| 22:41 | Build | Farm |
| 22:44 | Create | Villager (Male) |
| 22:48 | Create | Villager (Male) |
| 22:50 | Build | Farm |
| 22:55 | Create | Villager (Male) |
| 23:14 | Build | Stone Wall |
| 23:27 | Create | Villager (Male) |
| 23:30 | Create | Villager (Male) |
| 23:33 | Create | Villager (Male) |
| 23:50 | Create | Villager (Male) |
| 24:07 | Create | Villager (Male) |
| 24:09 | Create | Villager (Male) |
| 24:11 | Create | Villager (Male) |
| 24:14 | Build | Farm |
| 24:29 | Create | Villager (Male) |
| 24:31 | Create | Villager (Male) |
| 24:33 | Create | Villager (Male) |
| 24:36 | Build | Farm |
| 24:51 | Build | Town Center |
| 24:54 | Create | Villager (Male) |
| 24:55 | Create | Villager (Male) |
| 24:57 | Create | Villager (Male) |
| 25:02 | Build | Farm |
| 25:37 | Create | Kona |
| 25:37 | Create | Kona |
| 26:04 | Create | Kona |
| 26:12 | Build | Barracks |
| 27:20 | Build | Castle |
| 27:24 | Create | Villager (Male) |
| 27:24 | Create | Villager (Male) |
| 27:30 | Create | Villager (Male) |
| 27:30 | Create | Villager (Male) |
| 27:36 | Create | Villager (Male) |
| 27:36 | Create | Villager (Male) |
| 27:47 | Build | Farm |
| 27:49 | Build | Farm |
| 27:51 | Build | Farm |
| 27:52 | Build | Farm |
| 27:54 | Build | Farm |
| 27:59 | Create | Villager (Male) |
| 28:07 | Build | Farm |
| 28:09 | Build | Farm |
| 28:12 | Create | Villager (Male) |
| 28:16 | Create | Villager (Male) |
| 28:22 | Build | Farm |
| 28:44 | Create | Villager (Male) |
| 28:50 | Build | Farm |
| 28:56 | Research | Hand Cart |
| 29:00 | Create | Villager (Male) |
| 29:00 | Create | Villager (Male) |
| 29:11 | Create | Villager (Male) |
| 29:13 | Create | Villager (Male) |
| 29:15 | Create | Villager (Male) |
| 29:36 | Build | Stone Wall |
| 30:05 | Create | Kona |
| 30:06 | Create | Kona |
| 30:41 | Build | Stone Wall |
| 30:47 | Research | Tech 1402 |
| 30:50 | Research | Arson |
| 30:52 | Create | Villager (Male) |
| 30:53 | Create | Villager (Male) |
| 30:53 | Create | Villager (Male) |
| 31:01 | Build | Farm |
| 31:05 | Create | Villager (Male) |
| 31:10 | Create | Villager (Male) |
| 31:10 | Create | Villager (Male) |
| 31:13 | Create | Villager (Male) |
| 31:13 | Create | Villager (Male) |
| 31:34 | Build | Gate |
| 31:42 | Create | Villager (Male) |
| 31:44 | Create | Villager (Male) |
| 31:45 | Create | Villager (Male) |
| 31:48 | Build | Farm |
Match timeline
| 2:54 | Bet4 · first_building Barracks |
| 7:25 | poliamilina jr. · wall_segment Palisade Wall x8 |
| 8:03 | poliamilina jr. · wall_segment Palisade Wall x1 |
| 8:30 | jesusodinson · first_building Barracks |
| 9:37 | poliamilina jr. · wall_segment Palisade Wall x7 |
| 9:43 | poliamilina jr. · first_building Barracks |
| 10:04 | poliamilina jr. · wall_segment Palisade Wall x5 |
| 10:12 | R_FACELESS · wall_segment Palisade Wall x4 |
| 10:13 | poliamilina jr. · wall_segment Palisade Wall x4 |
| 10:19 | skilla · first_building Barracks |
| 10:28 | R_FACELESS · age_up feudal |
| 10:41 | jesusodinson · age_up feudal |
| 10:53 | jesusodinson · first_building Archery Range |
| 11:01 | skilla · age_up feudal |
| 11:23 | gipsidanger · first_building Barracks |
| 11:24 | poliamilina jr. · age_up feudal |
| 11:36 | RICARDONE ES SABALERO · age_up feudal |
| 11:46 | R_FACELESS · wall_segment Stone Wall x2 |
| 11:48 | R_FACELESS · wall_segment Stone Wall x10 |
| 11:51 | gipsidanger · age_up feudal |
| 12:16 | skilla · first_building Stable |
| 12:20 | skilla · wall_segment Palisade Wall x6 |
| 12:30 | RICARDONE ES SABALERO · wall_segment Stone Wall x13 |
| 12:37 | kütral küruf · age_up feudal |
| 12:43 | Bet4 · age_up feudal |
| 12:55 | jesusodinson · wall_segment Stone Wall x9 |
| 12:56 | Bet4 · wall_segment Stone Wall x15 |
| 12:57 | jesusodinson · wall_segment Stone Wall x11 |
| 13:46 | gipsidanger · wall_segment Stone Wall x21 |
| 13:54 | poliamilina jr. · wall_segment Stone Wall x9 |
| 14:12 | Bet4 · wall_segment Stone Wall x5 |
| 14:29 | kütral küruf · first_market_sell 100 wood |
| 14:31 | poliamilina jr. · wall_segment Stone Wall x7 |
| 14:40 | poliamilina jr. · wall_segment Stone Wall x7 |
| 15:16 | R_FACELESS · wall_segment Palisade Wall x23 |
| 15:18 | RICARDONE ES SABALERO · age_up castle |
| 15:20 | Bet4 · wall_segment Stone Wall x6 |
| 15:23 | skilla · wall_segment Palisade Wall x3 |
| 15:29 | skilla · wall_segment Palisade Wall x9 |
| 15:46 | RICARDONE ES SABALERO · wall_segment Stone Wall x1 |
| 16:47 | poliamilina jr. · age_up castle |
| 16:54 | RICARDONE ES SABALERO · first_building Barracks |
| 17:01 | poliamilina jr. · first_market_buy 100 stone |
| 17:11 | gipsidanger · first_building Stable |
| 17:15 | kütral küruf · age_up castle |
| 17:17 | jesusodinson · wall_segment Stone Wall x16 |
| 17:26 | skilla · wall_segment Palisade Wall x5 |
| 17:49 | R_FACELESS · age_up castle |
| 17:49 | RICARDONE ES SABALERO · first_building Archery Range |
| 17:55 | R_FACELESS · wall_segment Stone Wall x15 |
| 18:42 | Bet4 · wall_segment Stone Wall x6 |
| 19:37 | kütral küruf · first_building Castle |
| 19:37 | R_FACELESS · first_building Monastery |
| 20:01 | jesusodinson · age_up castle |
| 20:24 | jesusodinson · first_building Stable |
| 20:37 | jesusodinson · first_market_buy 100 food |
| 20:48 | gipsidanger · age_up castle |
| 22:11 | poliamilina jr. · wall_segment Stone Wall x1 |
| 23:03 | jesusodinson · first_market_sell 100 wood |
| 23:08 | poliamilina jr. · first_building Castle |
| 23:14 | kütral küruf · wall_segment Stone Wall x10 |
| 23:24 | skilla · age_up castle |
| 23:44 | R_FACELESS · first_building Barracks |
| 25:29 | R_FACELESS · first_building Siege Workshop |
| 26:12 | kütral küruf · first_building Barracks |
| 27:01 | jesusodinson · wall_segment Stone Wall x4 |
| 27:42 | R_FACELESS · age_up imperial |
| 29:32 | R_FACELESS · wall_segment Stone Wall x8 |
| 29:36 | kütral küruf · wall_segment Stone Wall x5 |
| 29:37 | Bet4 · wall_segment Stone Wall x9 |
| 29:37 | R_FACELESS · wall_segment Stone Wall x27 |
| 30:19 | R_FACELESS · first_building Castle |
| 30:26 | jesusodinson · first_building Castle |
| 30:32 | Bet4 · first_market_buy 100 stone |
| 30:36 | skilla · first_building Castle |
| 30:39 | RICARDONE ES SABALERO · first_building Castle |
| 30:41 | kütral küruf · wall_segment Stone Wall x10 |
| 30:41 | Bet4 · wall_segment Stone Wall x5 |
| 31:07 | Bet4 · wall_segment Stone Wall x2 |
| 31:18 | Bet4 · wall_segment Stone Wall x1 |
| 31:32 | Bet4 · age_up castle |
| 32:33 | R_FACELESS · first_market_buy 100 wood |
| 32:37 | poliamilina jr. · age_up imperial |
| 32:38 | kütral küruf · first_building Monastery |
| 32:58 | poliamilina jr. · first_building Siege Workshop |
| 33:00 | Bet4 · first_building Monastery |
| 33:33 | kütral küruf · first_building Archery Range |
| 33:52 | R_FACELESS · wall_segment Stone Wall x19 |
| 33:54 | poliamilina jr. · wall_segment Stone Wall x20 |
| 34:06 | gipsidanger · first_building Castle |
| 36:20 | RICARDONE ES SABALERO · age_up imperial |
| 36:49 | jesusodinson · age_up imperial |
| 37:06 | skilla · age_up imperial |
| 38:07 | poliamilina jr. · wall_segment Stone Wall x3 |
| 38:13 | poliamilina jr. · wall_segment Stone Wall x1 |
| 38:25 | poliamilina jr. · wall_segment Stone Wall x13 |
| 38:41 | Bet4 · age_up imperial |
| 38:50 | skilla · first_building Siege Workshop |
| 39:19 | poliamilina jr. · wall_segment Stone Wall x4 |
| 39:39 | R_FACELESS · first_market_sell 100 food |
| 39:44 | gipsidanger · first_building Siege Workshop |
| 39:49 | kütral küruf · age_up imperial |
| 40:03 | gipsidanger · age_up imperial |
| 41:26 | skilla · first_market_sell 100 wood |
| 41:55 | poliamilina jr. · wall_segment Stone Wall x4 |
| 41:58 | gipsidanger · wall_segment Stone Wall x7 |
| 42:28 | poliamilina jr. · wall_segment Stone Wall x1 |
| 44:42 | poliamilina jr. · wall_segment Stone Wall x11 |
| 45:14 | jesusodinson · first_building Siege Workshop |
| 45:25 | poliamilina jr. · wall_segment Stone Wall x1 |
| 45:34 | R_FACELESS · wall_segment Stone Wall x24 |
| 46:03 | skilla · first_building Archery Range |
| 46:58 | R_FACELESS · wall_segment Stone Wall x8 |
| 48:46 | R_FACELESS · wall_segment Stone Wall x7 |
| 48:50 | R_FACELESS · wall_segment Stone Wall x14 |
| 48:54 | R_FACELESS · wall_segment Stone Wall x11 |
| 49:09 | poliamilina jr. · wall_segment Stone Wall x4 |
| 50:37 | kütral küruf · wall_segment Stone Wall x2 |
| 51:27 | R_FACELESS · wall_segment Stone Wall x18 |
| 51:49 | R_FACELESS · wall_segment Stone Wall x7 |
| 51:52 | R_FACELESS · wall_segment Stone Wall x25 |
| 52:57 | Bet4 · first_building Castle |
| 53:27 | R_FACELESS · first_building Archery Range |
| 54:14 | Bet4 · wall_segment Stone Wall x4 |
| 54:26 | poliamilina jr. · wall_segment Stone Wall x7 |
| 54:29 | Bet4 · wall_segment Stone Wall x3 |
| 55:23 | R_FACELESS · wall_segment Stone Wall x19 |
| 55:34 | jesusodinson · wall_segment Stone Wall x9 |
| 56:20 | jesusodinson · wall_segment Stone Wall x7 |
| 56:21 | jesusodinson · wall_segment Stone Wall x6 |
| 56:58 | poliamilina jr. · first_market_sell 500 food |
| 57:36 | poliamilina jr. · first_building Stable |
| 58:49 | Bet4 · wall_segment Stone Wall x6 |
| 59:04 | Bet4 · wall_segment Stone Wall x10 |
| 59:13 | Bet4 · wall_segment Stone Wall x8 |
| 60:19 | RICARDONE ES SABALERO · first_market_sell 100 wood |
| 60:30 | RICARDONE ES SABALERO · first_market_buy 100 wood |
| 61:02 | Bet4 · wall_segment Stone Wall x13 |
| 61:51 | kütral küruf · first_building Siege Workshop |
| 62:28 | RICARDONE ES SABALERO · tribute_sent a jugador 1 |
| 62:28 | RICARDONE ES SABALERO · tribute_sent a jugador 2 |
| 62:28 | RICARDONE ES SABALERO · tribute_sent a jugador 3 |
| 62:28 | RICARDONE ES SABALERO · tribute_sent a jugador 4 |
| 62:28 | RICARDONE ES SABALERO · tribute_sent a jugador 6 |
| 62:28 | RICARDONE ES SABALERO · tribute_sent a jugador 7 |
| 62:28 | RICARDONE ES SABALERO · tribute_sent a jugador 8 |
| 63:50 | Bet4 · wall_segment Stone Wall x1 |
| 64:08 | poliamilina jr. · resign |
[ AI ANALYSIS · 1 CREDIT ]
What really happened in this match?
Wolo.gg analyzes every decision: build order, eco, micro, common mistakes by bracket. Personalized analysis on WhatsApp or Discord in 30 seconds.
Civ guide
Turks
Map guide
Lombardia
Perfil
Jugador #10157728